Map: Port Aleksander LE

Players

Neeblet (Neeb) - Winner!

  • Race: Protoss Protoss
  • League: Grandmaster
  • Spawn Location: 5:00

Reynor

  • Race: Zerg Zerg
  • League: Grandmaster
  • Spawn Location: 11:00

Event: IEM Season 13 - Katowice Server Qualifiers Europe

VOD

Have the link to the VOD?

Description

Time

  • Played on: Jan. 8, 2019, 12:21 p.m.
  • Length: 17:15

All games in this series

Show
View Real Time Build Order
Export as new Build Order

Neeblet Protoss - Winner!

Build Orders: 1 Gate Expand, Oracle Opening, Phoenix Opening, Chargelot Immortal, Mass Phoenix 

Get SALT Encoding   

  12  0:00  Probe  
  13  0:12  Probe  
  14  0:18  Pylon  
  14  0:25  Probe  
  15  0:33  Probe  
  15  0:40  Gateway  
  15  0:41  Probe  
  16  0:47  Assimilator  
  17  0:51  Probe  
  18  1:03  Probe  
  19  1:15  Probe  
  20  1:25  Nexus  
  20  1:35  Cybernetics Core  
  20  1:40  Probe  
  21  1:47  Assimilator  
  21  1:52  Probe  
  22  1:54  Pylon  
  22  2:03  Adept, Probe  
  23  2:11  Probe  
  25  2:19  Probe  
  26  2:23  Stargate  
  26  2:29  Adept  
  27  2:30  Probe  
  30  2:37  Pylon  
  30  2:38  Probe  
  30  2:43  Warp Gate  
  30  2:45  Probe  
  30  2:46  Probe  
  32  2:54  Probe  
  32  2:57  Probe  
  34  2:59  Phoenix  
  34  3:06  Probe  
  34  3:09  Probe  
  38  3:16  Assimilator  
  38  3:18  Probe  
  38  3:19  Assimilator  
  39  3:21  Oracle, Probe  
  39  3:22  Gateway  
  40  3:31  Probe  
  40  3:33  Probe  
  45  3:36  Pylon  
  45  3:45  Probe  
  46  3:51  Pylon  
  46  3:52  Stargate  
  46  3:54  Probe  
  47  3:57  Probe  
  47  3:58  Phoenix  
  50  4:07  Probe  
  50  4:09  Probe  
  52  4:15  Phoenix  
  52  4:19  Probe  
  52  4:21  Probe  
  52  4:22  Pylon  
  56  4:31  Probe  
  57  4:36  Probe  
  58  4:39  Phoenix x2  
  58  4:43  Probe  
  58  4:45  Sentry, Zealot  
  67  4:47  Pylon  
  67  4:48  Probe  
  68  4:55  Probe  
  68  4:56  Phoenix  
  69  5:04  Phoenix  
  73  5:07  Adept  
  73  5:08  Adept  
  77  5:23  Probe  
  77  5:32  Pylon  
  77  5:34  Nexus  
  77  5:35  Pylon  
  77  5:36  Pylon  
  77  5:38  Probe  
  78  5:46  Robotics Facility  
  78  5:50  Probe, Phoenix  
  78  5:52  Robotics Facility  
  78  5:53  Probe  
  82  6:00  Sentry  
  82  6:02  Probe, Pylon  
  82  6:03  Zealot  
  87  6:06  Probe  
  88  6:18  Probe  
  89  6:21  Probe  
  89  6:23  Shield Battery  
  89  6:24  Shield Battery  
  84  6:26  Phoenix  
  84  6:28  Phoenix  
  84  6:30  Probe  
  89  6:37  Probe, Twilight Council  
  89  6:39  Sentry, Forge, Zealot  
  94  6:42  Probe  
  94  6:43  Observer  
  94  6:46  Immortal  
  100  6:52  Probe x2  
  102  6:54  Probe  
  102  6:57  Pylon  
  103  7:01  Assimilator  
  103  7:03  Assimilator  
  103  7:04  Probe x2  
  103  7:06  Probe  
  103  7:08  Immortal  
  109  7:16  Probe  
  109  7:19  Immortal  
  109  7:20  Probe  
  111  7:25  Protoss Ground Weapons Level 1  
  111  7:27  Charge  
  111  7:29  Probe x2  
  117  7:31  Templar Archives  
  117  7:32  Probe  
  114  7:38  Immortal  
  114  7:41  Probe  
  114  7:42  Pylon  
  119  7:55  Immortal  
  119  7:57  Psionic Storm  
  119  8:04  Gateway x2  
  123  8:06  Gateway  
  123  8:07  High Templar x2  
  123  8:08  Gateway  
  123  8:09  Photon Cannon  
  123  8:10  Photon Cannon  
  127  8:19  Shield Battery  
  127  8:20  Immortal, Shield Battery  
  129  8:30  Probe x3  
  132  8:39  Gateway  
  132  8:40  Gateway  
  132  8:41  Fleet Beacon  
  132  8:43  High Templar  
  132  8:45  Zealot  
  134  8:59  Shield Battery  
  134  9:00  High Templar, Pylon  
  134  9:01  High Templar  
  138  9:06  Protoss Ground Weapons Level 2  
  138  9:09  Zealot x2  
  133  9:24  Probe  
  133  9:26  Nexus, High Templar x2  
  133  9:28  Pylon  
  133  9:30  Probe  
  138  9:33  Pylon  
  138  9:34  Probe  
  138  9:37  Mothership  
  140  9:40  Zealot  
  140  9:41  Zealot x3  
  140  9:42  Photon Cannon  
  148  9:51  Immortal  
  156  10:04  Immortal, Shield Battery  
  156  10:05  Shield Battery  
  160  10:08  Shield Battery  
  160  10:10  Photon Cannon  
  160  10:11  Photon Cannon  
  164  10:25  Pylon  
  164  10:26  Pylon x2  
  164  10:27  Pylon  
  164  10:28  Pylon  
  161  10:38  High Templar x2  
  161  10:39  Zealot x6  
  161  10:42  Pylon  
  177  10:44  Archon  
  177  10:50  Assimilator x2  
  177  10:59  Zealot  
  177  11:00  Zealot x3  
  185  11:04  Protoss Ground Weapons Level 3  
  183  11:13  Probe  
  183  11:14  Probe  
  183  11:17  Shield Battery  
  185  11:19  Shield Battery  
  185  11:24  High Templar x3  
  185  11:25  High Templar  
  187  11:27  High Templar x2  
  187  11:28  Zealot x2  
  187  11:31  Archon, Photon Cannon x2  
  189  11:33  Archon x2  
  189  11:35  Photon Cannon  
  189  11:56  Nexus, High Templar x2  
  189  11:57  Zealot x3  
  189  12:00  Nexus  
  199  12:01  Archon  
  199  12:02  Pylon  
  199  12:03  Observer  
  164  12:27  Carrier x2  
  164  12:28  Zealot x7  
  164  12:29  Zealot  
  165  12:37  Protoss Air Weapons Level 1  
  173  12:48  Immortal x2  
  164  13:07  High Templar x5  
  164  13:08  Zealot x2  
  166  13:20  Probe  
  166  13:21  Probe x3  
  158  13:27  Zealot  
  144  13:34  Zealot x2  
  144  13:37  Carrier  
  144  13:38  Carrier  
  134  13:44  Immortal  
  134  13:45  Archon x2  
  134  13:48  Observer  
  131  13:59  Probe, Assimilator  
  131  14:00  Probe x2, Assimilator  
  131  14:01  Probe  
  131  14:02  High Templar x5  
  145  14:03  Zealot x3  
  145  14:05  Observer  
  145  14:09  Probe, Gateway  
  156  14:10  Gateway  
  156  14:14  Gateway  
  156  14:15  Immortal  
  157  14:19  Immortal  
  161  14:27  Photon Cannon  
  161  14:28  High Templar x2, Zealot  
  161  14:30  Photon Cannon  
  171  14:33  Photon Cannon  
  171  14:34  Archon  
  171  14:36  Zealot  
  165  14:38  Zealot  
  165  14:39  Zealot  
  165  14:41  Zealot x2  
  166  14:47  Archon  
  166  14:49  Archon  
  166  14:50  Zealot  
  158  14:56  Carrier  
  146  15:03  Zealot x8  
  146  15:06  Immortal  
  156  15:08  Immortal  
  160  15:18  High Templar x3  
  166  15:24  High Templar x3  
  166  15:26  High Templar  
  174  15:33  Observer  
  174  15:39  Nexus  
  174  15:41  Pylon  
  174  15:45  Zealot  
  174  15:46  Zealot x3  
  182  15:51  High Templar x2, Zealot  
  188  15:57  High Templar  
  188  15:58  High Templar, Zealot  
  188  15:59  Zealot  
  196  16:11  Archon  
  196  16:13  High Templar x2  
  200  16:18  Archon  
  196  16:26  Archon  
  196  16:29  Void Ray  
  178  16:35  Zealot x9  
  178  16:36  Probe  
  178  16:39  Archon x2  
  167  16:45  Probe x2  
  169  16:52  Probe x2  
  169  16:53  Pylon  
  171  16:55  Probe  
  171  16:56  Archon  
  171  16:59  Zealot  
  171  17:00  High Templar x3, Zealot x3  
  171  17:01  Zealot x4  
Show
View Real Time Build Order
Export as new Build Order

Reynor Zerg 

Build Orders: Hatch First 

Get SALT Encoding   

  12  0:00  Drone  
  13  0:12  Overlord  
  13  0:18  Drone  
  14  0:31  Drone x2  
  16  0:50  Hatchery  
  16  0:54  Drone  
  16  0:58  Drone  
  16  1:02  Drone  
  18  1:12  Extractor  
  17  1:18  Spawning Pool  
  17  1:21  Drone  
  17  1:24  Drone  
  18  1:29  Drone  
  19  1:40  Drone  
  20  1:49  Overlord  
  20  2:05  Zergling x4  
  20  2:06  Queen  
  20  2:07  Queen  
  26  2:11  Drone  
  26  2:14  Drone  
  28  2:20  Metabolic Boost  
  28  2:23  Drone  
  28  2:26  Drone  
  30  2:42  Drone  
  31  2:45  Hatchery  
  30  2:51  Queen  
  30  2:57  Overlord  
  32  2:59  Zergling x2  
  32  3:05  Drone x2  
  35  3:12  Drone  
  36  3:16  Overlord  
  36  3:17  Drone x2  
  36  3:18  Drone  
  39  3:21  Drone  
  39  3:23  Drone  
  39  3:26  Drone  
  42  3:30  Queen  
  44  3:34  Overlord  
  44  3:37  Drone  
  45  3:42  Evolution Chamber, Drone  
  45  3:51  Overlord  
  47  3:55  Drone x3  
  47  3:56  Queen  
  47  4:01  Spore Crawler  
  49  4:06  Drone x2  
  51  4:10  Zerg Melee Weapons Level 1  
  51  4:14  Spore Crawler  
  50  4:18  Drone x2  
  50  4:19  Drone  
  50  4:20  Zergling x4  
  50  4:23  Overlord  
  55  4:25  Drone x2  
  55  4:29  Drone  
  55  4:31  Drone  
  55  4:33  Drone  
  55  4:35  Drone  
  58  4:39  Drone x2  
  58  4:41  Drone  
  58  4:44  Drone x2  
  63  4:47  Queen  
  65  4:56  Overlord  
  65  4:58  Queen  
  67  5:04  Queen  
  67  5:06  Drone x3  
  72  5:07  Drone  
  72  5:09  Extractor, Baneling Nest  
  72  5:10  Zergling x6  
  73  5:22  Overlord  
  73  5:27  Zergling x2  
  73  5:28  Zergling x12  
  79  5:29  Drone x2  
  79  5:30  Overlord  
  79  5:34  Overlord  
  81  5:40  Queen  
  83  5:45  Zergling x4  
  83  5:47  Drone  
  83  5:48  Drone x3  
  83  5:49  Lair  
  89  5:50  Drone x2  
  89  5:51  Drone  
  89  5:52  Queen, Drone x2  
  96  5:58  Spore Crawler  
  96  5:59  Spore Crawler  
  94  6:04  Spore Crawler, Drone x3  
  94  6:06  Spore Crawler  
  94  6:08  Overlord  
  94  6:10  Drone x2  
  95  6:12  Drone x3  
  95  6:16  Overlord  
  95  6:21  Overlord  
  95  6:24  Overlord  
  90  6:28  Drone x3  
  90  6:29  Drone x2  
  90  6:30  Extractor  
  90  6:31  Extractor  
  93  6:33  Drone x2  
  95  6:40  Drone x3  
  95  6:42  Drone  
  95  6:44  Zerg Missile Weapons Level 1  
  95  6:46  Evolution Chamber, Drone x2  
  99  6:48  Extractor, Drone  
  99  6:49  Extractor  
  98  6:59  Zergling x2  
  98  7:00  Zergling x4  
  101  7:02  Overlord, Drone x2  
  101  7:05  Drone  
  101  7:06  Drone  
  103  7:11  Zergling x2  
  103  7:12  Zergling x6  
  103  7:13  Overlord  
  106  7:16  Drone x2  
  106  7:21  Hatchery, Zergling x6  
  107  7:28  Zerg Melee Weapons Level 2  
  107  7:29  Drone x2  
  104  7:30  Drone x3  
  104  7:32  Drone  
  107  7:39  Overlord  
  107  7:40  Drone x3  
  110  7:46  Overlord  
  108  7:54  Zergling x2, Hydralisk Den  
  108  7:55  Zergling x4  
  108  8:00  Drone x3  
  108  8:03  Centrifical Hooks  
  110  8:10  Drone x6  
  110  8:11  Drone x2  
  118  8:13  Queen, Drone  
  118  8:16  Overlord, Hatchery, Drone x2  
  122  8:25  Hydralisk x2  
  126  8:27  Hydralisk  
  126  8:29  Overlord  
  126  8:30  Overlord  
  126  8:32  Hydralisk  
  129  8:37  Hydralisk  
  129  8:38  Hydralisk x5  
  139  8:49  Hydralisk x2  
  139  8:50  Hydralisk x4  
  139  8:54  Muscular Augments  
  151  9:01  Hydralisk x4  
  159  9:04  Overlord  
  154  9:17  Zergling x12  
  154  9:18  Zergling x8, Hydralisk  
  154  9:20  Hatchery  
  154  9:21  Hydralisk  
  157  9:24  Hydralisk x2  
  157  9:25  Zergling x4  
  157  9:29  Zergling x6  
  166  9:31  Drone x2  
  166  9:37  Hydralisk x4  
  176  9:39  Zerg Missile Weapons Level 2  
  176  9:41  Zergling x8  
  179  9:51  Extractor, Drone x6, Infestation Pit  
  179  9:52  Overlord  
  183  9:59  Zergling x4  
  185  10:03  Zergling x6  
  185  10:04  Zergling x4  
  185  10:06  Baneling x14  
  190  10:12  Zergling x6  
  190  10:13  Zergling x12  
  193  10:37  Zergling x8  
  193  10:38  Zergling x6  
  193  10:39  Hive  
  193  10:41  Spire  
  193  10:42  Spore Crawler  
  198  10:45  Baneling  
  198  10:46  Baneling x6  
  198  10:51  Drone x2  
  194  11:07  Hydralisk x3  
  197  11:13  Drone  
  197  11:14  Drone x3  
  193  11:19  Drone x8  
  193  11:20  Drone  
  193  11:22  Grooved Spines  
  193  11:23  Drone x4  
  196  11:26  Baneling  
  196  11:27  Baneling x7  
  196  11:31  Drone  
  196  11:33  Queen  
  196  11:34  Spine Crawler x2  
  196  11:45  Zergling x8  
  200  11:48  Spine Crawler  
  193  12:04  Baneling  
  193  12:05  Baneling x21  
  193  12:06  Zergling x12  
  193  12:07  Zergling x6  
  160  12:23  Hydralisk x12  
  160  12:24  Hydralisk, Zergling x6  
  160  12:25  Zergling x12, Overseer x3  
  160  12:27  Baneling x3  
  160  12:28  Baneling x10  
  160  12:29  Hydralisk x2  
  177  12:30  Zergling x4  
  177  12:33  Baneling x3  
  177  12:34  Baneling x2  
  177  12:35  Zergling x2  
  177  12:36  Zergling x4  
  181  12:43  Hydralisk x2  
  170  12:44  Zergling x2  
  170  12:46  Hydralisk  
  170  12:47  Zergling x2  
  170  12:50  Baneling x6  
  178  12:56  Zergling x8  
  178  12:59  Hatchery, Hydralisk  
  178  13:04  Hydralisk x2, Zergling x2  
  167  13:08  Hydralisk  
  167  13:09  Hydralisk  
  167  13:11  Zergling x2  
  171  13:12  Greater Spire  
  171  13:17  Hydralisk x2  
  171  13:21  Zergling x4  
  171  13:23  Baneling x4  
  171  13:24  Zergling x4  
  167  13:32  Hydralisk x3  
  167  13:34  Hydralisk x2  
  156  13:38  Hydralisk  
  153  13:43  Hydralisk x2, Zergling x4  
  153  13:45  Zergling x6  
  145  13:50  Hydralisk x2  
  145  13:54  Extractor  
  145  13:55  Zergling x4  
  146  13:57  Baneling x8  
  146  13:59  Zergling x4  
  146  14:02  Hydralisk x2  
  148  14:07  Baneling x3  
  148  14:09  Zergling x6  
  155  14:12  Zergling x4  
  155  14:15  Baneling x5  
  157  14:17  Zergling x10  
  157  14:21  Hydralisk  
  157  14:22  Zergling x4  
  166  14:26  Zergling x12  
  166  14:27  Overlord  
  166  14:28  Zerg Flyer Weapons Level 1  
  172  14:37  Overlord  
  148  14:48  Corruptor x5  
  148  14:49  Corruptor  
  145  14:55  Corruptor  
  143  15:02  Corruptor  
  143  15:04  Zergling x2  
  143  15:05  Zergling x24  
  140  15:10  Corruptor x2  
  140  15:13  Hydralisk x2  
  148  15:17  Corruptor  
  148  15:20  Zergling x8  
  154  15:29  Baneling x5  
  154  15:30  Baneling x5  
  154  15:35  Hydralisk x2, Zergling x4  
  158  15:36  Zergling x10  
  158  15:37  Overseer  
  158  15:40  Corruptor  
  167  15:47  Zergling x4  
  167  15:48  Zergling x10  
  173  15:56  Baneling  
  173  15:57  Baneling x13  
  173  16:01  Drone x2  
  173  16:04  Baneling x6  
  175  16:05  Hydralisk  
  175  16:06  Zergling x4  
  175  16:07  Zergling x8  
  183  16:12  Baneling x5  
  183  16:14  Hatchery  
  183  16:16  Baneling x2  
  183  16:17  Overlord x4  
  167  16:27  Hydralisk x5  
  167  16:28  Zergling x6  
  149  16:39  Baneling x4  
  128  16:43  Zergling x26  
  114  16:49  Zergling x4  
  93  16:55  Zergling x4  

Tags
 
Add a new tag
Caveats
  • Supply blocks, unpowered buildings, or Contaminate may cause inaccurate times.
  • Supply counts are checked every 10 seconds.